 Dungeon Crawl Stone Soup version 0.31-a0-840-g6d2ecbb638 (webtiles) character file.

Game seed: 129716116318380458

94 BinkBink the Magician (level 4, 0/24 HPs)
             Began as a Deep Elf Air Elementalist on Sept 27, 2023.
             Shot with an arrow by a centaur (12 damage)
             ... on level 3 of the Dungeon.
             The game lasted 00:05:59 (2016 turns).

BinkBink the Magician (Deep Elf Air Elementalist)   Turns: 2016, Time: 00:06:00

Health: 0/24       AC:  2    Str:  7    XL:     4   Next: 38%
Magic:  11/12      EV: 12    Int: 26    God:
Gold:   232        SH:  0    Dex: 15    Spells: 7/11 levels left

rFire   . . .        m - +4 hand axe of Ewneme {heavy, *Noise Str+2 Int+4}
rCold   . . .        (no shield)
rNeg    . . .        a - +0 robe
rPois   .            (no helmet)
rElec   .            (no cloak)
rCorr   .            (no gloves)
SInv    .            (no boots)
Will    .....        o - amulet of regeneration
Stlth   ++           (no ring)
HPRegen 1.04/turn    (no ring)
MPRegen 0.13/turn

%: no passive effects
@: no status effects
A: no striking features
a: no special abilities


You were on level 3 of the Dungeon.
You visited 1 branch of the dungeon, and saw 3 of its levels.

You collected 232 gold pieces.

Inventory:

Hand Weapons
 m - the +4 hand axe of Ewneme (weapon) {heavy, *Noise Str+2 Int+4}
   (You found it on level 2 of the Dungeon)

   Str+2:     It affects your strength (+2).
   Int+4:     It affects your intelligence (+4).
   *Noise:    It may make a loud noise when swung.
Missiles
 d - a throwing net
Armour
 a - a +0 robe (worn)
Magical Staves
 c - a staff of cold
Jewellery
 o - an amulet of regeneration (around neck)
Scrolls
 e - a scroll of identify
 g - a scroll of blinking {unknown}
 h - a scroll of revelation {unknown}
 i - a scroll of noise {unknown}
 j - 2 scrolls of silence
 l - 2 scrolls of teleportation
 n - a scroll of immolation {unknown}
 p - a scroll of torment {unknown}
Potions
 b - a potion of magic
 f - a potion of curing {unknown}
 k - a potion of experience {unknown}


   Skills:
 - Level 2.5 Dodging
 - Level 2.5 Stealth
 + Level 4.1 Spellcasting
 + Level 2.4 Conjurations
 + Level 1.8 Ice Magic
 + Level 3.6 Air Magic


You had 7 spell levels left.
You knew the following spells:

 Your Spells              Type           Power      Damage    Failure   Level
a - Shock                 Conj/Air       84%        1d8       2%          1
b - Swiftness             Air            24%        N/A       5%          3

Your spell library contained the following spells:

 Spells                   Type           Power      Damage    Failure   Level
 Static Discharge         Conj/Air       42%        2-4/arc   3%          2
 Airstrike                Air            12%        2d(2-18)  19%         4


Dungeon Overview and Level Annotations

Branches:
Dungeon (3/15)

Altars:
Wu Jian

Shops:
D:2 (


Message History

Aiming: Shock (safe; 2% risk of failure)
Press: ? - help, Shift-Dir - straight line, f - rat
Aim: a rat (74% to hit)
The zap hits the rat.
You kill the rat!
You see here a +0 dagger of flaming.
An orc comes into view. It is wielding a +0 flail.
Casting: Shock (safe; 2% risk of failure)
Confirm with . or Enter, or press ? or * to list all spells.
Aiming: Shock (safe; 2% risk of failure)
Press: ? - help, Shift-Dir - straight line, f - orc
Aim: an orc, wielding a +0 flail (asleep, 100% to hit)
The zap hits the orc.
The orc is severely wounded.
The orc shouts!
Casting: Shock (safe; 2% risk of failure)
Confirm with . or Enter, or press ? or * to list all spells.
Aiming: Shock (safe; 2% risk of failure)
Press: ? - help, Shift-Dir - straight line, f/p - orc
Aim: an orc, wielding a +0 flail (severely wounded, 74% to hit)
The zap hits the orc.
You kill the orc!
You now have 232 gold pieces (gained 13).
Found 5 stones.
A centaur comes into view.
The centaur shouts!
The centaur wields a +0 orcbow.
The centaur shoots an arrow.
The arrow barely misses you.
You see here a smoky sapphire potion.
Casting: Shock (safe; 2% risk of failure)
Confirm with . or Enter, or press ? or * to list all spells.
Aiming: Shock (safe; 2% risk of failure)
Press: ? - help, Shift-Dir - straight line The zap misses the centaur.
The zap hits the centaur.
The centaur is lightly wounded.
The centaur shoots an arrow.
The arrow hits you!
Ouch! That really hurt!
The centaur shoots an arrow.
The arrow hits you!
Ouch! That really hurt!
You die...

#####.#.#
......#.###
#.........#
#(#####.#.#
#.#.# #.# #
#.# #
#.#.#c#
#@....# ##
###...# ..
...# ..#
..# .. ..#


You could see a centaur.

Vanquished Creatures
  3 adders (D:2)
  A worm (D:2)
  4 dart slugs
  2 orcs (D:3)
  3 ball pythons (D:1)
  6 bats
  7 endoplasms
  6 giant cockroaches
  3 goblins
  2 hobgoblins
  A kobold (D:2)
  3 quokkas (D:3)
  4 frilled lizards
  7 rats
52 creatures vanquished.

Notes
Turn   | Place    | Note
-------+----------+-------------------------------------------
     0 | D:1      | BinkBink the Deep Elf Air Elementalist began the quest for
                  | the Orb.
     0 | D:1      | Reached XP level 1. HP: 10/10 MP: 6/6
   346 | D:1      | Reached XP level 2. HP: 15/15 MP: 6/8
   747 | D:2      | Reached skill level 1 in Ice Magic
   825 | D:2      | Reached XP level 3. HP: 19/19 MP: 8/10
   855 | D:2      | Found Qisogenk's Antique Weapon Emporium.
  1236 | D:2      | Identified the +4 hand axe of Ewneme {heavy, *Noise Str+2
                  | Int+4}
  1464 | D:2      | Reached XP level 4. HP: 24/24 MP: 8/11
  1570 | D:3      | Learned a level 3 spell: Swiftness
  1585 | D:3      | Reached skill level 4 in Spellcasting
  1722 | D:3      | Found an ornate altar of the Wu Jian Council.
  2015 | D:3      | Noticed a centaur
  2016 | D:3      | Shot with an arrow by a centaur

Illustrated notes

Levels and vault maps discovered:
D:1:      ebering_trefoil_3fold, layout_rooms, minivault_27
D:2:      layout_rooms, serial_shops, shop, minmay_bisected
D:3:      layout_loops_ring, nicolae_wu_jian_wuxing_cycle,
          small_statue_intersection

Skill      XL: |  1  2  3  4 |
---------------+-------------+-----
Ice Magic      | 1 |  1.8
Conjurations   | 2 |  2.4
Spellcasting   | 4 |  4.1
Dodging        | |  2.5
Stealth        | |  2.5
Air Magic      | |  3.6

Action                     |  1- 3 |  4- 6 || total
---------------------------+-------+-------++-------
   Cast: Shock             |    81 |    30 ||   111
    Use: Scroll            |       |     2 ||     2
 Armour: Robe              |     2 |     6 ||     8
  Dodge: Dodged            |     9 |     1 ||    10

Table legend: (Time is in decaauts)
 A = Elapsed time spent in this place.
 B = Non-inter-level travel time spent in this place.
 C = Inter-level travel time spent in this place.
 D = Time resting spent in this place.
 E = Time spent auto-exploring this place.
 F = Levels seen in this place.
 G = Mean time per level.
                   A        B        C        D        E       F      G
               +--------+--------+--------+--------+--------+-----+--------+
         Total |   2015 |   2003 |     12 |      0 |   1765 |   3 |  671.7 |
       Dungeon |   2015 |   2003 |     12 |      0 |   1765 |   3 |  671.7 |
               +--------+--------+--------+--------+--------+-----+--------+

Top non-repeatable levels by time:
     D:1: 811 daAuts
     D:2: 783 daAuts
     D:3: 421 daAuts
